 Dungeon Crawl Stone Soup version bcrawl-1.21.2-1-g32d02e0829 (webtiles) character file.

Game seed: 11624408411794522774

310 Mrkan the Chopper (level 6, -5/56 HPs)
             Began as a Minotaur Fighter on Feb 25, 2020.
             Was a Follower of Lugonu.
             Slain by a troll (14 damage)
             ... on level 4 of the Dungeon.
             The game lasted 00:04:40 (3405 turns).

Mrkan the Chopper (Minotaur Fighter)                Turns: 3405, Time: 00:04:40

Health: -5/56      AC:  7    Str: 22    XL:     6   Next: 18%
Magic:  5/5        EV:  7    Int:  5    God:    Lugonu [*.....]
Gold:   185        SH: 10    Dex: 10    Spells: 5/5 levels left

rFire    . . .     SeeInvis .   a - +0 war axe
rCold    . . .     Gourm    .   c - +0 shield
rNeg     . . .     Faith    .   b - +0 scale mail
rPois    .         Spirit   .   (helmet restricted)
rElec    .         Reflect  .   (no cloak)
rCorr    .         Harm     .   (no gloves)
MR       .....                  (no boots)
Stlth    ..........             (no amulet)
HPRegen  0.18/turn              (no ring)
MPRegen  0.09/turn              (no ring)

@: no status effects
A: retaliatory headbutt, horns 2
a: Depart the Abyss, Bend Space, Renounce Religion


You were on level 4 of the Dungeon.
You worshipped Lugonu.
Lugonu was aware of your devotion.
You were very hungry.

You visited 1 branch of the dungeon, and saw 4 of its levels.

You collected 185 gold pieces.

Inventory:

Hand Weapons
 a - a +0 war axe (weapon)
 p - a +0 club
Armour
 b - a +0 scale mail (worn)
 c - a +0 shield (worn)
Jewellery
 l - an uncursed ring of protection from cold {unknown}
Scrolls
 h - 2 scrolls of fear {unknown}
 j - 2 scrolls of identify {unknown}
 m - 3 scrolls of teleportation {unknown}
 q - 3 scrolls of amnesia {unknown}
 s - a scroll of remove curse {unknown}
Potions
 d - a potion of might
 f - 3 potions of mutation {unknown}
 g - 2 potions of heal wounds {unknown}
 i - a potion of haste {unknown}
 k - 2 potions of curing {unknown}
 n - a potion of ambrosia {unknown}
 o - 3 potions of brilliance {unknown}
 r - 2 potions of lignification {unknown}
Comestibles
 e - 5 rations {!d}


   Skills:
 + Level 5.0 Fighting
 * Level 5.2 Axes
 + Level 4.9 Armour
 + Level 4.9 Shields


You had 5 spell levels left.
You didn't know any spells.
Your spell library was empty.

Dungeon Overview and Level Annotations

Branches:
Dungeon (4/12)
 Temple: D:4-7

Altars:
Lugonu

Shops:
D:4 [


Innate Abilities, Weirdness & Mutations

You reflexively headbutt those who attack you in melee.
You have a pair of horns on your head.


Message History

The troll is too close now for your liking.
A troll is nearby!
You are feeling very hungry.
You block the troll's attack. The troll claws you! The troll claws you.
You hit the troll.
The troll is lightly wounded.
The troll barely misses you. You block the troll's attack. x2
Your shield and scale mail prevent you from hitting the troll.
The troll is lightly wounded.
The troll bites you. You block the troll's attack. The troll barely misses you.
Your shield prevents you from hitting the troll.
The troll bites you but does no damage. The troll claws you!
The troll claws you but does no damage. The troll bites you!
The troll claws you!
* * * LOW HITPOINT WARNING * * *
You block the troll's attack.
You hit the troll. Your headbutt misses the troll.
The troll is lightly wounded.
The troll bites you!
You die...

## #.......# .#
#.......# .#
#.......# .#
##.....## .#
##...## .#
##.## .# #.#
### .# #.#
#####....# .#
#.#####.@T....#
##
#.......###..##
######### #


You could see a troll.

Vanquished Creatures
  A phantom (D:4)
  A scorpion (D:4)
  2 orc wizards (D:4)
  A worker ant (D:4)
  A killer bee zombie (D:4)
  An adder (D:4)
  3 worms
  2 leopard geckos
  8 orcs
  3 giant cockroaches
  6 goblins
  9 hobgoblins
  4 kobolds
  3 quokkas
  A ball python (D:4)
  A bat (D:2)
  2 frilled lizards
  5 rats
54 creatures vanquished.

Notes
Turn   | Place    | Note
-------+----------+-------------------------------------------
     0 | D:1      | Mrkan the Minotaur Fighter began the quest for the Orb.
     0 | D:1      | Reached XP level 1. HP: 19/19 MP: 0/0
   875 | D:2      | Reached XP level 2. HP: 27/27 MP: 1/1
  1305 | D:2      | Reached XP level 3. HP: 33/33 MP: 2/2
  1344 | D:2      | Found a faded altar of an unknown god.
  2199 | D:3      | Found a corrupted altar of Lugonu.
  2213 | D:3      | Became a worshipper of Lugonu the Unformed
  2494 | D:4      | Found Qeab's Armour Shop.
  2510 | D:4      | Reached XP level 4. HP: 40/40 MP: 3/3
  2529 | D:4      | Noticed a phantom
  2562 | D:4      | Killed a phantom
  2562 | D:4      | Reached XP level 5. HP: 35/47 MP: 4/4
  3029 | D:4      | Reached skill level 5 in Axes
  3160 | D:4      | Reached skill level 5 in Fighting
  3160 | D:4      | Reached XP level 6. HP: 40/56 MP: 5/5
  3398 | D:4      | Noticed a troll
  3405 | D:4      | Slain by a troll

Skill      XL: |  1  2  3  4  5 |
---------------+----------------+-----
Axes           | 3 4 5 |  5.2
Fighting       | 4 5 |  5.0
Armour         | 4 |  4.9
Shields        | 4 |  4.9

Action                   |  1- 3 |  4- 6 || total
-------------------------+-------+-------++-------
Melee: War axe           |    97 |    61 ||   158
       Headbutt          |    23 |    11 ||    34
  Eat: Chunk             |     5 |     2 ||     7
Armor: Scale mail        |    40 |    20 ||    60
Dodge: Dodged            |    31 |    17 ||    48
Block: Shield            |    45 |    24 ||    69
